Map: Frost LE

Players

Neeblet (Neeb) - Winner!

  • Race: Protoss Protoss
  • League: Master

Kelazhur

  • Race: Terran Terran
  • League: Master

Event: DreamHack ZOWIE Open Valencia 2016

VOD

Have the link to the VOD?

Description

Time

  • Played on: July 14, 2016, 2:19 p.m.
  • Length: 19:50

All games in this series

Show
View Real Time Build Order
Export as new Build Order

Neeblet Protoss - Winner!

Build Orders: 1 Gate Expand, Blink Stalkers 

Get SALT Encoding   

  12  0:01  Probe (Chrono Boost)  
  13  0:11  Probe (Chrono Boost)  
  14  0:17  Pylon  
  14  0:22  Probe (Chrono Boost)  
  15  0:35  Probe (Chrono Boost)  
  16  0:36  Gateway  
  16  0:46  Probe (Chrono Boost)  
  17  0:56  Probe (Chrono Boost)  
  18  0:57  Assimilator  
  18  1:07  Probe (Chrono Boost)  
  19  1:19  Nexus  
  19  1:22  Probe (Chrono Boost)  
  20  1:32  Cybernetics Core  
  20  1:34  Probe (Chrono Boost)  
  21  1:40  Assimilator  
  21  1:45  Probe (Chrono Boost)  
  22  1:49  Pylon  
  22  1:55  Probe (Chrono Boost)  
  25  2:09  Mothership Core (Chrono Boost)  
  25  2:11  Adept  
  27  2:20  Warp Gate  
  27  2:27  Probe (Chrono Boost)  
  28  2:31  Probe (Chrono Boost)  
  29  2:37  Probe (Chrono Boost)  
  29  2:39  Robotics Facility  
  30  2:47  Probe (Chrono Boost)  
  30  2:48  Probe (Chrono Boost)  
  34  2:58  Probe (Chrono Boost)  
  35  2:59  Twilight Council  
  35  3:01  Probe (Chrono Boost)  
  35  3:03  Pylon  
  34  3:08  Probe (Chrono Boost)  
  34  3:11  Stalker, Probe (Chrono Boost)  
  38  3:19  Probe (Chrono Boost)  
  39  3:20  Blink  
  39  3:22  Probe (Chrono Boost)  
  39  3:23  Pylon  
  40  3:29  Probe (Chrono Boost)  
  42  3:38  Gateway  
  41  3:44  Gateway  
  41  3:49  Observer, Gateway  
  41  3:54  Probe (Chrono Boost)  
  41  3:55  Probe (Chrono Boost)  
  44  4:01  Pylon  
  44  4:06  Probe (Chrono Boost)  
  44  4:07  Probe (Chrono Boost)  
  44  4:08  Observer  
  48  4:18  Probe (Chrono Boost)  
  48  4:19  Probe (Chrono Boost)  
  48  4:23  Assimilator  
  49  4:25  Pylon  
  49  4:30  Probe (Chrono Boost)  
  51  4:31  Probe (Chrono Boost)  
  51  4:36  Stalker x2  
  55  4:39  Observer  
  55  4:42  Probe (Chrono Boost)  
  57  4:53  Stalker  
  57  4:54  Stalker  
  57  4:57  Probe x2 (Chrono Boost)  
  63  5:03  Stalker  
  63  5:06  Stalker  
  67  5:07  Nexus  
  67  5:08  Pylon  
  67  5:09  Probe x2 (Chrono Boost)  
  69  5:18  Stalker x2  
  74  5:22  Probe (Chrono Boost)  
  74  5:25  Probe (Chrono Boost)  
  75  5:34  Probe (Chrono Boost)  
  75  5:35  Stalker x2  
  79  5:38  Probe (Chrono Boost)  
  77  5:46  Probe (Chrono Boost)  
  73  5:50  Probe (Chrono Boost), Resonating Glaives  
  73  5:51  Assimilator  
  73  5:52  Stalker x2  
  73  5:53  Forge  
  78  5:58  Probe (Chrono Boost)  
  78  6:02  Probe (Chrono Boost)  
  79  6:10  Probe (Chrono Boost)  
  80  6:13  Protoss Ground Weapons Level 1  
  80  6:14  Probe (Chrono Boost)  
  80  6:17  Stalker x2  
  85  6:20  Probe (Chrono Boost)  
  85  6:22  Stalker x2, Probe (Chrono Boost)  
  92  6:26  Probe (Chrono Boost)  
  92  6:32  Probe (Chrono Boost)  
  93  6:39  Probe (Chrono Boost)  
  94  6:40  Immortal  
  99  6:47  Pylon  
  99  6:50  Gateway  
  99  6:53  Gateway  
  99  6:54  Gateway x2  
  98  6:58  Gateway  
  98  7:00  Gateway  
  98  7:03  Sentry  
  98  7:06  Pylon x2  
  98  7:08  Pylon x2  
  100  7:09  Sentry x2  
  100  7:14  Immortal  
  108  7:27  Pylon  
  108  7:28  Stalker  
  108  7:29  Stalker, Pylon  
  112  7:31  Pylon  
  112  7:50  Warp Prism  
  112  7:52  Protoss Ground Armor Level 1  
  112  7:54  Adept x7  
  112  7:55  Adept  
  112  7:57  Adept  
  130  8:15  Adept x7  
  130  8:16  Adept  
  146  8:21  Assimilator  
  146  8:22  Assimilator  
  146  8:26  Photon Cannon  
  146  8:27  Photon Cannon  
  146  8:30  Observer  
  125  8:56  Stalker  
  125  8:57  Stalker x7  
  125  9:02  Adept  
  145  9:03  Probe x2 (Chrono Boost)  
  145  9:20  Forge  
  145  9:32  Protoss Ground Armor Level 2  
  145  9:34  Stalker x2, Nexus  
  145  9:35  Stalker x4, Pylon  
  145  9:37  Protoss Ground Weapons Level 2  
  155  9:42  Pylon x2  
  155  9:57  Adept x2  
  155  9:58  Adept x4  
  165  10:03  Pylon  
  165  10:09  Warp Prism  
  159  10:41  Stalker x6  
  159  10:42  Stalker x3  
  143  11:05  Adept x3  
  127  11:14  Stalker x4  
  127  11:15  Stalker x2  
  87  11:35  Stalker  
  87  11:36  Stalker x2  
  83  11:42  Stalker x6  
  93  11:47  Protoss Ground Weapons Level 3, Protoss Ground Armor Level 3  
  93  11:51  Nexus  
  89  12:02  Adept x3  
  95  12:09  Pylon  
  95  12:12  Stalker x4  
  95  12:15  Observer  
  105  12:17  Stalker x2  
  107  12:31  Stalker x3  
  113  12:45  Stalker x2, Sentry  
  113  12:46  Stalker, Sentry x2  
  125  12:58  Pylon  
  121  13:18  Stalker x4  
  121  13:19  Stalker x3  
  133  13:32  Adept x2  
  137  13:41  Nexus  
  135  14:05  Templar Archives  
  129  14:22  Adept x4  
  137  14:24  Stalker, Observer  
  137  14:25  Stalker x2  
  144  14:35  Assimilator  
  144  14:37  Assimilator  
  132  14:54  High Templar x3  
  132  14:55  High Templar x2  
  132  14:56  Stalker, High Templar  
  146  15:00  Archon x3  
  146  15:19  Stalker x2  
  146  15:20  Stalker  
  146  15:42  Stalker x3  
  152  15:45  Nexus  
  152  15:47  Pylon  
  128  16:10  Immortal  
  86  16:29  High Templar x4  
  86  16:30  High Templar x2  
  86  16:31  Stalker x2, Sentry  
  100  16:35  Archon x3  
  100  16:45  Immortal  
  104  16:56  Stalker, High Templar x2  
  110  17:02  Archon  
  110  17:05  Pylon  
  110  17:07  Stalker x6  
  122  17:09  Pylon  
  122  17:29  Stalker  
  124  17:30  Stalker x5  
  133  17:50  Adept x3  
  139  17:51  Warp Prism  
  139  17:57  Pylon x2  
  141  18:02  Adept x3, High Templar x2  
  151  18:07  Assimilator  
  151  18:08  Archon, Assimilator  
  151  18:12  Pylon  
  151  18:20  Adept x3  
  151  18:21  Adept  
  157  18:55  Nexus  
  147  19:08  Stalker x4  
  147  19:09  Stalker x5  
  161  19:33  Adept x2  
  161  19:34  Adept x5  
  161  19:35  Stalker x2  
Show
View Real Time Build Order
Export as new Build Order

Kelazhur Terran 

Build Orders: Reaper Expand, MMM Bio 

Get SALT Encoding   

  12  0:00  SCV  
  13  0:13  SCV  
  14  0:17  Supply Depot  
  14  0:25  SCV  
  15  0:38  SCV  
  15  0:40  Barracks  
  16  0:44  Refinery  
  16  0:50  SCV  
  17  1:03  SCV  
  18  1:15  SCV  
  19  1:27  Orbital Command, Reaper  
  20  1:43  Command Center  
  20  1:54  Supply Depot  
  20  1:55  SCV  
  20  1:59  Barracks Reactor  
  21  2:07  SCV  
  22  2:19  SCV  
  23  2:29  Command Center  
  23  2:32  SCV  
  24  2:37  Marine x2  
  24  2:41  Barracks  
  26  2:44  SCV  
  26  2:50  Barracks  
  27  2:56  Marine x2, SCV  
  30  3:06  Orbital Command  
  30  3:08  SCV  
  31  3:14  Marine x2  
  33  3:20  SCV  
  34  3:29  Barracks Tech Lab  
  34  3:35  Marine x2  
  34  3:36  SCV  
  34  3:37  SCV  
  34  3:41  Marine  
  39  3:42  Orbital Command  
  39  3:45  Engineering Bay  
  39  3:48  SCV  
  40  3:49  Stimpack, Marine  
  40  3:51  SCV  
  42  3:56  Marine  
  42  3:57  Marine  
  42  3:58  Marine  
  42  4:00  SCV  
  46  4:03  SCV  
  46  4:07  Marine  
  48  4:11  SCV  
  48  4:12  SCV  
  48  4:14  Missile Turret  
  48  4:15  SCV  
  51  4:18  Factory  
  51  4:21  Marine  
  51  4:23  SCV, Marine  
  54  4:24  SCV  
  54  4:25  Marine x2  
  54  4:28  Supply Depot, SCV  
  58  4:35  SCV  
  58  4:36  SCV, Refinery x2  
  60  4:40  SCV  
  61  4:49  Marine x3, Marauder, SCV  
  61  4:52  Supply Depot  
  67  4:54  SCV  
  67  4:57  Supply Depot  
  67  5:00  SCV  
  67  5:02  Orbital Command  
  67  5:04  Starport  
  68  5:07  Factory Reactor  
  68  5:09  Barracks  
  68  5:10  SCV  
  68  5:11  Barracks  
  68  5:13  Marine  
  68  5:14  Marine x2, Marauder  
  73  5:15  SCV  
  73  5:19  Supply Depot  
  74  5:23  Terran Infantry Weapons Level 1  
  74  5:24  SCV  
  74  5:27  SCV  
  72  5:29  Bunker  
  72  5:31  Marine  
  65  5:40  Marine x2  
  65  5:41  SCV  
  61  5:46  Marauder  
  61  5:47  SCV  
  61  5:49  Marine, SCV  
  62  5:57  Medivac x2  
  62  5:59  Marine x2  
  62  6:03  SCV, Refinery  
  69  6:05  SCV  
  69  6:06  SCV  
  69  6:10  Marine  
  69  6:11  Marauder  
  72  6:13  Combat Shields  
  72  6:17  Orbital Command  
  72  6:19  Barracks Reactor, Barracks Tech Lab  
  72  6:24  SCV x2  
  74  6:26  Barracks Tech Lab  
  74  6:27  Marine  
  74  6:28  Marine  
  74  6:32  Marauder  
  76  6:38  SCV x2, Marauder  
  78  6:40  Concussive Shells  
  78  6:43  Orbital Command  
  78  6:45  Factory Reactor  
  78  6:46  Marine, Marauder  
  78  6:47  Marine  
  81  6:49  Supply Depot  
  81  6:55  Marine x2, Marauder  
  81  6:59  Marauder  
  87  7:04  SCV  
  87  7:05  SCV  
  87  7:06  Marine x2  
  91  7:10  Marauder  
  91  7:15  Marine x2  
  95  7:17  Marauder  
  95  7:18  Medivac x2  
  101  7:23  Supply Depot  
  101  7:24  Supply Depot  
  101  7:37  Supply Depot  
  101  7:38  Fusion Core  
  101  7:39  Marauder, Starport  
  101  7:45  SCV x3, Marine x5, Marauder, Widow Mine x2  
  115  7:51  Supply Depot  
  115  7:54  Medivac  
  117  7:58  SCV x3  
  117  7:59  Refinery  
  117  8:00  Refinery  
  117  8:01  Supply Depot  
  117  8:02  Supply Depot, Marine x2  
  117  8:03  Marine x2  
  117  8:05  Supply Depot  
  124  8:08  Terran Infantry Armor Level 1  
  124  8:10  SCV x3  
  123  8:18  Medivac  
  123  8:19  Starport Tech Lab  
  125  8:20  Marine  
  125  8:21  Marine x2  
  125  8:22  SCV, Marauder x2  
  125  8:24  SCV  
  125  8:25  Supply Depot  
  134  8:28  Missile Turret, Liberator  
  134  8:33  Widow Mine x2  
  137  8:39  Marauder  
  138  8:43  Marauder  
  138  8:44  Marine x2  
  138  8:45  Marauder, Orbital Command  
  138  8:47  Liberator  
  132  8:51  Marine x2  
  132  8:54  Liberator  
  132  9:00  Marauder  
  132  9:02  Marine  
  135  9:05  Marauder, Orbital Command  
  135  9:06  Marine  
  135  9:07  Marauder  
  135  9:09  Marine  
  146  9:17  Marine  
  146  9:22  Marine, Marauder, Liberator  
  150  9:24  Supply Depot  
  150  9:26  Marauder  
  151  9:38  Liberator  
  151  9:42  Marine  
  151  9:43  Marine x2, Marauder  
  157  9:46  Marauder  
  157  9:49  Supply Depot, Liberator  
  157  9:51  Supply Depot  
  152  9:54  Marine, Marauder  
  158  10:00  Marine  
  158  10:04  Marauder  
  164  10:16  Liberator  
  164  10:22  Supply Depot  
  164  10:25  Liberator  
  158  10:29  Marauder  
  158  10:32  Marine  
  158  10:33  Marine, Marauder  
  161  10:41  Marine x2  
  161  10:42  Marauder  
  144  10:50  Marine, Marauder  
  144  10:55  Marine  
  144  10:56  Marauder  
  142  10:59  Marine  
  131  11:06  Marine  
  131  11:07  Marauder  
  131  11:09  Marine  
  113  11:12  Marauder  
  113  11:13  Marine  
  113  11:17  Marine  
  113  11:18  Marauder  
  110  11:21  Orbital Command  
  110  11:24  Marine  
  103  11:26  Liberator  
  103  11:27  Marine  
  103  11:28  Marauder  
  103  11:31  Marine  
  90  11:33  Marauder  
  90  11:35  Marine  
  90  11:38  SCV x2  
  90  11:39  Marine  
  93  11:42  Marine  
  93  11:43  Refinery  
  93  11:45  Marine, Liberator  
  94  11:48  Refinery  
  94  11:49  Marine x2, SCV  
  94  11:50  SCV  
  94  11:53  Marine  
  94  11:54  Marine, Liberator  
  99  11:57  Marine  
  99  12:00  Marine  
  95  12:03  Marine  
  95  12:06  Marine  
  95  12:07  Marauder  
  102  12:11  Marine  
  102  12:12  Marauder  
  102  12:13  Widow Mine  
  102  12:14  Marine  
  111  12:18  Marine  
  111  12:21  Marine  
  111  12:24  Marine  
  111  12:26  Widow Mine  
  111  12:29  Marine, Marauder  
  114  12:33  Marauder  
  114  12:34  Marauder  
  114  12:35  Marine  
  119  12:37  Orbital Command  
  119  12:38  Marine  
  119  12:41  Widow Mine  
  119  12:42  Marine  
  121  12:46  Marine  
  121  12:50  Marauder  
  124  12:53  Marine  
  124  12:54  Marauder  
  124  12:55  Marauder, Orbital Command  
  124  12:57  Liberator  
  124  12:58  Marine  
  128  13:03  Marine  
  128  13:04  Marine  
  128  13:11  Marine, Marauder  
  124  13:15  Marine, Marauder  
  124  13:17  Marauder  
  127  13:30  Marine  
  127  13:31  Liberator  
  127  13:33  Marauder  
  128  13:45  Marauder  
  127  13:52  Marine, Marauder  
  127  13:55  Marine  
  124  13:57  Widow Mine  
  124  13:58  Widow Mine  
  125  14:03  Marauder  
  125  14:07  Marine  
  118  14:11  Marine x2  
  118  14:12  Marauder  
  118  14:15  Liberator  
  120  14:17  Marine  
  120  14:18  Marauder  
  120  14:19  Liberator  
  123  14:25  Marine  
  123  14:26  Widow Mine, Marauder  
  123  14:29  Marine x2  
  130  14:33  Marauder  
  130  14:36  Orbital Command  
  118  14:56  Armory  
  118  15:05  Marine x3, Marauder  
  118  15:06  Widow Mine  
  118  15:07  Widow Mine  
  127  15:21  Marine  
  127  15:22  Marine, Marauder  
  127  15:25  Marine  
  127  15:27  Marauder  
  123  15:36  Marine x2  
  123  15:42  Marine x2  
  123  15:43  Liberator  
  120  15:57  Marine x3, Marauder  
  106  15:58  Marine  
  106  16:02  Marine  
  106  16:03  Marauder  
  85  16:14  Marine x2  
  85  16:15  Marine  
  85  16:16  Marauder  
  81  16:18  Marauder  
  81  16:20  Marine  
  81  16:24  Marine  
  79  16:32  Marine x2  
  77  16:33  Marine  
  77  16:37  Marine, Refinery  
  77  16:39  Marine  
  84  16:44  Marine x2  
  86  16:50  Marine x3, Widow Mine x2  
  91  16:56  Marauder  
  91  16:58  Marine  
  94  17:05  Marine x2  
  94  17:08  Marine  
  97  17:14  Terran Infantry Weapons Level 2  
  97  17:21  Marine x2  
  99  17:24  Liberator  
  99  17:29  Marine, Marauder  
  102  17:35  Marine  
  102  17:36  Marauder  
  107  17:46  Marine, Liberator  
  107  17:47  Marine  
  109  17:54  Marine x3  
  109  17:55  Marine  
  113  18:02  Liberator  
  116  18:09  Marine x3  
  119  18:14  Liberator  
  121  18:21  Marine  
  121  18:22  Marine  
  124  18:36  Marine, Liberator  
  124  18:37  Marine  
  126  18:47  Marine  

Tags
 
Add a new tag
Caveats
  • Supply blocks, unpowered buildings, or Contaminate may cause inaccurate times.
  • Supply counts are checked every 10 seconds.